 Dungeon Crawl Stone Soup version 0.28.0-53-g5a82cb258f (webtiles) character file.

Game seed: 1041917141687831385

285 Sin92 the Skirmisher (level 6, -4/48 HPs)
             Began as a Demonspawn Fighter on July 5, 2022.
             Slain by Crazy Yiuf
             ... wielding a +4 quarterstaff of chaos
              (9 damage)
             ... on level 3 of the Dungeon.
             The game lasted 00:03:11 (3025 turns).

Sin92 the Skirmisher (Demonspawn Fighter)           Turns: 3025, Time: 00:03:12

Health: -4/48      AC: 12    Str: 19    XL:     6   Next: 7%
Magic:  8/8        EV:  7    Int:  9    God:
Gold:   197        SH:  0    Dex: 12    Spells: 8/8 levels left

rFire   . . .      SeeInvis .   a - +0 war axe
rCold   . . .      Faith    .   c - +0 buckler
rNeg    . . .      Spirit   .   i - +0 chain mail
rPois   .          Reflect  .   (no helmet)
rElec   .          Harm     .   (no cloak)
rCorr   .          Rampage  .   (no gloves)
Will    .....                   (no boots)
Stlth   ..........              (no amulet)
HPRegen 0.16/turn               (no ring)
MPRegen 0.11/turn               (no ring)

@: confused
A: yellow scales 2, condensation shield, demonic touch 2
a: no special abilities


You were on level 3 of the Dungeon.
You visited 1 branch of the dungeon, and saw 3 of its levels.

You collected 197 gold pieces.

Inventory:

Hand Weapons
 a - a +0 war axe (weapon)
Armour
 b - a +0 scale mail
 c - a +0 buckler (worn)
 i - a +0 chain mail (worn)
Potions
 d - a potion of might
 g - 3 potions of curing
 h - a potion of magic


   Skills:
 + Level 3.7 Fighting
 * Level 3.5 Axes
 + Level 3.4 Armour
 + Level 1.6 Dodging
 + Level 3.4 Shields
 + Level 1.6 Spellcasting


You had 8 spell levels left.
You didn't know any spells.
Your spell library contained the following spells:

 Spells                   Type           Power      Damage    Failure   Level
 Magic Dart               Conj           0%         1d3       99%         1
 Call Imp                 Summ           0%         N/A       100%        2
 Mephitic Cloud           Conj/Pois/Air  0%         N/A       100%        3


Dungeon Overview and Level Annotations

Branches:
Dungeon (3/15)

Altars:

Shops:
D:3 :

Annotations:
D:3 Crazy Yiuf


Innate Abilities, Weirdness & Mutations

You are mostly covered in yellow scales. (AC +3)
A meltable shield of frost defends you. (SH +0)
Your touch may inflict irresistible damage on your foes.


Message History

Could not explore, unopened runed door.
No reachable target in view!
You aren't carrying any scrolls.
Okay, then.
You open the door. You hit Crazy Yiuf.
Crazy Yiuf is lightly wounded.
Crazy Yiuf whimpers, "Iron mumblescurry high!"
Crazy Yiuf hits you with a +4 quarterstaff of chaos!
You convulse!
You hit Crazy Yiuf.
Crazy Yiuf is moderately wounded.
You block Crazy Yiuf's attack. Crazy Yiuf completely misses you.
You closely miss Crazy Yiuf.
Crazy Yiuf is moderately wounded.
You block Crazy Yiuf's attack.
You closely miss Crazy Yiuf.
Crazy Yiuf is moderately wounded.
Crazy Yiuf hits you but does no damage.
You hit Crazy Yiuf but do no damage.
Crazy Yiuf is moderately wounded.
Crazy Yiuf hits you with a +4 quarterstaff of chaos!
Your condensation shield dissipates!
Crazy Yiuf burns you. Crazy Yiuf barely misses you.
You slash Crazy Yiuf!
Crazy Yiuf is almost dead.
Crazy Yiuf hits you but does no damage.
You hit Crazy Yiuf but do no damage.
Crazy Yiuf is almost dead.
Crazy Yiuf screams, "Cholesterol testudinal meccalolo!"
Crazy Yiuf barely misses you.
You barely miss Crazy Yiuf.
Crazy Yiuf is almost dead.
Crazy Yiuf hits you with a +4 quarterstaff of chaos!
* * * LOW HITPOINT WARNING * * *
You are confused.
Crazy Yiuf hits you with a +4 quarterstaff of chaos.
* * * LOW HITPOINT WARNING * * *
You are electrocuted!
You die...

#.#..###....# #..# ##
#.#### #....# #..# #.
#.# #..PP# #..# ####.
#######.# #.PP## #..#
#.... .....##.# ##.##
#..#####.##. .....##.#
#.## #........##.
..>.....# ##.#
#........... [....####
#.## #....<......
.....# ##@#
#..######### ###### #g#
###.# ## ##### ... #.#
#. #...#### #...#
###.## #. #......#
#..)# #....#### #.
#####...#### #####
#.......###. .......##
#........... ########
############..#..#)###.
#
#.#.......<......#.###.


You could see Crazy Yiuf.

Vanquished Creatures
  Sigmund (D:2)
  An orc priest (D:3)
  A bullfrog skeleton (D:3)
  3 adders
  2 dart slugs (D:1)
  3 orcs (D:3)
  5 endoplasms
  2 giant cockroaches
  A goblin (D:1)
  2 hobgoblins
  6 quokkas
  4 ball pythons
  A bat (D:2)
  2 frilled lizards
  3 kobolds
  6 rats
43 creatures vanquished.

Notes
Turn   | Place    | Note
-------+----------+-------------------------------------------
     0 | D:1      | Sin92 the Demonspawn Fighter began the quest for the Orb.
     0 | D:1      | Reached XP level 1. HP: 18/18 MP: 1/1
   268 | D:1      | Gained mutation: Your touch may inflict minor irresistible
                  | damage on your foes. [demonic ancestry]
   268 | D:1      | Reached XP level 2. HP: 24/24 MP: 2/2
   988 | D:2      | HP: 1/24 [adder (2)]
   992 | D:2      | Gained mutation: You are partially covered in yellow
                  | scales. (AC +2) [demonic ancestry]
   992 | D:2      | Reached XP level 3. HP: 10/29 MP: 3/3
  1589 | D:2      | Noticed Sigmund
  1599 | D:2      | Killed Sigmund
  1600 | D:2      | Reached skill level 1 in Dodging
  1600 | D:2      | Reached skill level 1 in Spellcasting
  1600 | D:2      | Gained mutation: You are mostly covered in yellow scales.
                  | (AC +3) [demonic ancestry]
  1600 | D:2      | Reached XP level 4. HP: 28/36 MP: 3/6
  1600 | D:2      | Gained mutation: A meltable shield of frost defends you.
                  | (SH +0) [demonic ancestry]
  1600 | D:2      | Reached XP level 5. HP: 31/41 MP: 3/7
  2330 | D:3      | Found Uxarph's Book Shop.
  2551 | D:3      | Gained mutation: Your touch may inflict irresistible damage
                  | on your foes. [demonic ancestry]
  2551 | D:3      | Reached XP level 6. HP: 21/48 MP: 8/8
  2821 | D:3      | Found a runed translucent door.
  2822 | D:3      | Noticed Crazy Yiuf
  3025 | D:3      | Slain by Crazy Yiuf

Illustrated notes

Levels and vault maps discovered:
D:1:      heliophobic_arrival_battle_scene, layout_rooms
D:2:      layout_basic, uniq_sigmund
D:3:      layout_loops_cross, serial_shops, nicolae_diamond_shop,
          minmay_liquid_box, uniq_crazy_yiuf_cottage

Skill      XL: |  1  2  3 |
---------------+----------+-----
Axes           | 2 3 |  3.5
Armour         | 3 |  3.4
Dodging        | 1 |  1.6
Shields        | 3 |  3.4
Spellcasting   | 1 |  1.6
Fighting       | |  3.7

Action                   |  1- 3 |  4- 6 || total
-------------------------+-------+-------++-------
Melee: War axe           |    86 |    94 ||   180
  Use: Potion            |     2 |       ||     2
       Scroll            |       |     3 ||     3
Armor: Scale mail        |    42 |     8 ||    50
       Chain mail        |       |    54 ||    54
Dodge: Dodged            |    35 |    28 ||    63
Block: Buckler           |    24 |    38 ||    62
